 Dungeon Sprint DCSS version 0.25-a0-413-g3b4b6a4 (webtiles) character file.

Game seed: 26192838492130605, levelgen mode: deterministic

7 Krakonus1 the Scratcher (level 1, -1/10 HPs)
             Began as a Felid Fighter on Jan 16, 2020.
             Slain by a sky beast (2 damage)
             ... in the Dungeon (Sprint IX: "|||||||||||||||||||||||||||||").
             The game lasted 00:00:13 (40 turns).

Krakonus1 the Scratcher (Felid Fighter)               Turns: 40, Time: 00:00:14

Health: -1/10      AC:  1    Str: 12    XL:     1   Next: 91%
Magic:  2/2        EV: 19    Int:  9    God:
Gold:   0          SH:  0    Dex: 15    Spells: 0/0 levels left
                                        Lives:  0   Deaths: 0

rFire    . . .     SeeInvis +     - Unarmed
rCold    . . .     Gourm    .   (shield unavailable)
rNeg     . . .     Faith    .   (armour unavailable)
rPois    .         Spirit   .   (helmet unavailable)
rElec    .         Reflect  .   (cloak unavailable)
rCorr    .         Harm     .   (gloves unavailable)
MR       .....     NoTele   +   (boots unavailable)
Stlth    ++........             (no amulet)
HPRegen  0.03/turn              (no ring)
MPRegen  0.08/turn              (no ring)

@: quick
A: very small, no armour, no weapons or thrown items, stealth, claws 1, fangs 3,
see invisible, carnivore, speed 1, shaggy fur 1, slow metabolism 1, sharp paws
a: no special abilities


You were in the Dungeon.
You were not hungry.

You visited 1 branch

Inventory:

Scrolls
 h - a scroll of blinking
Potions
 a - a potion of might
 c - a potion of curing
 d - a potion of heal wounds
 e - a potion of haste
 f - 2 potions of magic
 g - a potion of berserk rage
Comestibles
 b - a ration


   Skills:
 - Level 3.0 Fighting
 - Level 4.0 Dodging
 * Level 5.6 Unarmed Combat


You couldn't memorise any spells.
You didn't know any spells.
Your spell library was empty.

Dungeon Overview and Level Annotations

Branches:
Dungeon (1/1)

Altars:


Innate Abilities, Weirdness & Mutations

You cannot wear armour.
You are incapable of wielding weapons or throwing items.
Your paws allow you to move quietly. (Stealth)
You have sharp claws.
You have razor-sharp teeth.
You have supernaturally acute eyesight. (SInv)
You are carnivorous and can eat meat at any time.
You cover ground quickly.
You are covered in fur. (AC +1)
You have a slow metabolism.
Your sharp claws are effective at attacking unaware monsters.


Message History

HP restored.
You open the door.
A leopard gecko, a ball python, a sky beast, a shadow imp and a zombie come into view.
The leopard gecko hisses angrily.
The shadow imp shouts, "Flounder, thou fawning beef-witted lewdster!"
The ball python hisses angrily.
The ball python closely misses you. The ball python misses you.
You claw the ball python!
You kill the ball python!
The sky beast hits you. The sky beast shocks you.
Ouch! That really hurt!
* * * LOW HITPOINT WARNING * * *
There is an open door here.
You see here a ball python corpse.
You scratch the sky beast but do no damage.
The sky beast closely misses you.
You claw the sky beast!
The sky beast is moderately wounded.
The sky beast hits you.
You die...

▓.▓
▓.▓
▓'▓
▓(▓
▓.▓
▓.▓
▓.▓
▓.▓
▓@▓
▓Y▓
▓l▓
▓5▓
▓Z▓
▓.▓
▓+▓


You could see a sky beast, a shadow imp, a ball python zombie and a leopard
gecko.

Vanquished Creatures
  A ball python (D)
  A giant cockroach (D)
  A jackal (D)
  2 kobolds (D)
  A rat (D)
6 creatures vanquished.

Notes
Turn   | Place    | Note
-------+----------+-------------------------------------------
     0 | D        | Krakonus1 the Felid Fighter began the quest for the Orb.
     0 | D        | Reached XP level 1. HP: 10/10 MP: 2/2
    17 | D        | Reached skill level 5 in Unarmed Combat
    36 | D        | Noticed a sky beast
    38 | D        | HP: 1/10 [sky beast (5)]
    40 | D        | Slain by a sky beast

Levels and vault maps discovered:
D:        linesprint [early_d, line_temple, items_1, d_10, items_2, lair_1,
          lair_end, items_3, orc_1, orc_end, items_4, d_15, swamp_1, shoals_1,
          snake_1, spider_1, d_20, vaults_1, items_5, swamp_end, shoals_end,
          snake_end, spider_end, vaults_end, d_27, items_6, zot_1, zot_end,
          crypt_end, forest_end, elf_end, slime_end, tomb_end, abyss_end,
          pan_hell_end]

Skill      XL: |  1 |
---------------+----+-----
Unarmed Combat | 5 |  5.6
Fighting       | |  3.0
Dodging        | |  4.0

Action                   || total
-------------------------++-------
Melee: Unarmed           ||    18
       Bite              ||     1
  Eat: Chunk             ||     1
Armor: Skin              ||     1
Dodge: Dodged            ||    15

Table legend:
 A = Non-vault XP
 B = Vault XP
 C = Vault XP percentage of total XP
 D = Non-vault monster count
 E = Vault monster count
 F = Vault count percentage of total count
                 A         B        C        D         E       F
            +---------+---------+-------+---------+---------+-------
      Total |       0 |      11 | 100.0 |       0 |       6 | 100.0
            +---------+---------+-------+---------+---------+-------
          D |       0 |      11 | 100.0 |       0 |       6 | 100.0
            +---------+---------+-------+---------+---------+-------
